← All builds
Suicide front / Cortex / Economy first / OBSERVED BUILD

Standard suicide front

Cortex Suicide front build order · Supreme Isthmus

The role's baseline economy-first play: fast Bot Lab, early Advanced Metal Extractor, and a Thug/Grunt/Aggravator mix pushed to hold the middle while teching up.

#raid #push · 1024 distinct matches · 177 players · 73% of Cortex Suicide front games · team won 57% of 1093 · Recently observed

HOW TO PLAY IT

Key timing: Bot Lab by 0:39

  1. Open 3 mex, then rush Bot Lab almost immediately.
  2. Finish Bot Lab and start pushing Thug, Grunt, Aggravator.
  3. Send units straight to middle to contest and stop leaks.
  4. Eat the Bot Lab for metal if 32% of games reach that point.
  5. Transition into Advanced Metal Extractor once middle is stable.

Phase by phase

TYPICAL OF ITS 1024 GAMES
  1. 1
  2. 2
  3. 3
PLAY THE OPENING

Follow the example game's first 6:00 step by step: what to build now, what comes next, and where it goes. At 1× it keeps pace with your own game.

  1. 1

    Up to the Bot Lab

    Economy
    • Metal Extractor2Mex
    Order
    1. Bot LabBot Lab after 2 mexdone ~0:37, middle half 0:27–0:45

    By 0:21 in all: 2 mex

    The example game in this phase · 3 steps
    1. Mex ×3
    2. Wind
    3. Bot LabBot Labdone 0:51 · typical 0:37
  2. 2

    Bot Lab to 5:00

    Economy
    • Metal Extractor3Mex
    • Wind Turbine2Wind
    Builders
    • Graverobber4 Graverobber
    • Construction Bot3 Con bot
    Army
    • Guard3 Guard
    • Thug16 Thug
    • Grunt3 Grunt
    Other
    • Radar Tower1 Radar Tower

    Some games also: aggravator (39%) · con turret (30%)

    By 5:00 in all: 5 mex · 3 wind

    The example game in this phase · 36 steps
    1. GruntGrunt
    2. Radar TowerRadar Tower
    3. GraverobberGraverobber ×2
    4. GruntGrunt
    5. Construction BotCon bot
    6. ThugThug
    7. Wind
    8. ThugThug ×2
    9. Mex
    10. ThugThug ×3
    11. GraverobberGraverobber
    12. ThugThug
    13. Wind
    14. ThugThug
    15. Mex
    16. ThugThug
    17. GraverobberGraverobber
    18. ThugThug ×2
    19. GuardGuard
    20. ThugThug
    21. TrasherTrasher
    22. GruntGrunt ×2
    23. Radar TowerRadar Tower
    24. GruntGrunt
    25. Construction BotCon bot
    26. Solar
    27. CenturionCenturion
    28. Construction BotCon bot
    29. Wind
    30. ThugThug ×2
    31. Mex
    32. ThugThug ×3
    33. Wind
    34. Mex
    35. CenturionCenturion
    36. GraverobberGraverobber
  3. 3

    5:00 to 10:00

    Economy
    • Metal Extractor1Mex
    • Wind Turbine12Wind
    Builders
    • Construction Turret1 Con turret
    • Graverobber3 Graverobber
    • Construction Bot1 Con bot
    Army
    • Guard1 Guard
    • Thug11 Thug
    • Grunt1 Grunt

    Some games also: aggravator (42%) · Radar Tower (39%) · energy storage (37%) · Twin Guard (31%)

    By 10:00 in all: 6 mex · 16 wind · 2 con turret

    The example game in this phase · 26 steps
    1. GraverobberGraverobber
    2. Wind
    3. GraverobberGraverobber
    4. GuardGuard
    5. Wind
    6. GruntGrunt ×2
    7. Wind
    8. GruntGrunt ×2
    9. Solar
    10. GruntGrunt
    11. Wind
    12. GruntGrunt
    13. Wind
    14. GruntGrunt ×3
    15. Wind
    16. GruntGrunt
    17. GraverobberGraverobber
    18. ThugThug
    19. Wind
    20. GruntGrunt ×2
    21. TrasherTrasher
    22. Wind
    23. GruntGrunt
    24. Mex
    25. Wind
    26. GruntGrunt ×2

Counts are medians over the build's games: half of them build more, half fewer. The example game is _Hawkey_'s (65 OS, 12/10/2026); pick another.

Team trades

IN AT LEAST 30% OF ITS GAMES

You hand over

Nothing regular.

You get

  • Tidal Generator4 Tidal from Pondfirst at 0:11 · in 69% of games
  • Advanced Construction Bot1 T2 con bot from Geo or Techfirst at 7:45 · in 55% of games

How it plays out

Typical game of this build, running totals by minute

Metal produced

010k20k
0:005:0010:0015:00

metal

Enemy metal destroyed

05k10k
0:005:0010:0015:00

metal

Own metal lost

05k10k
0:005:0010:0015:00

metal

1093 games.

Show as table
ByMetal produced: This buildEnemy metal destroyed: This buildOwn metal lost: This build
1:0033000
2:0094400
3:002034216172
4:003123732630
5:00427615381403
6:00546125002345
7:00663736383330
8:00782245654356
9:00894752905260
10:001021459936157
11:001158865386956
12:001316369977738
13:001476176358409
14:001649683038955
15:001781788919587
WHAT THE NUMBERS SAY

This baseline wins more often than most other roles' standard builds, with early aggression showing in high kills and losses alike.

  • + Team wins 54% of games, best winrate among the roles shown.
  • + First kill lands very early at 2:07 in all games.
  • − Own metal lost is heavy early, 1439 by 5:00.
  • − Enemy destroyed stays close to own losses through 15:00, a costly front.
THE EXAMPLE YOU ARE READING

_Hawkey_

65.2 OS · 12/10/2026

Open source match ↗

4 received units
1 metal received · 3220 energy received

Allied construction assistance is unknown. Timings are observations, not a promise of solo reproducibility.

Typical milestones

Bot Lab0:37Middle 50%: 0:27–0:45 · n=1088
Advanced Metal Extractor9:59Middle 50%: 9:01–11:13 · n=689

Played most by

XXMACGAMERXX133games of this build_Hawkey_68games of this build_X_61games of this buildrealisticjo52games of this buildAbyssFalcon43games of this build